 Dungeon Crawl Stone Soup version 0.29.0-4-gdea44cf6ec (webtiles) character file.

Game seed: 335483719935806301

84 qw the Chopper (level 4, 0/26 HPs)
             Began as a Tengu Warper on Aug 28, 2022.
             Slain by a kobold brigand
             ... wielding a +0 dagger
              (8 damage)
             ... on level 3 of the Dungeon.
             The game lasted 00:00:13 (2252 turns).

qw the Chopper (Tengu Warper)                       Turns: 2252, Time: 00:00:14

Health: 0/26       AC:  3    Str: 14    XL:     4   Next: 45%
Magic:  8/8        EV: 12    Int: 13    God:
Gold:   99         SH:  0    Dex: 13    Spells: 7/7 levels left

rFire   . . .      SeeInvis .   Y - +1 hand axe
rCold   . . .      Faith    .   (no shield)
rNeg    . . .      Spirit   .   b - +0 leather armour
rPois   +          Reflect  .   (helmet restricted)
rElec   .          Harm     .   (no cloak)
rCorr   .          Rampage  .   (no gloves)
Will    .....                   (boots unavailable)
Stlth   +.........              (no amulet)
HPRegen 0.08/turn               i - ring of poison resistance
MPRegen 0.11/turn               (no ring)

@: no status effects
A: beak, talons 3
a: no special abilities


You were on level 3 of the Dungeon.
You visited 1 branch of the dungeon, and saw 3 of its levels.

You collected 99 gold pieces.


Innate Abilities, Weirdness & Mutations

You have a beak for a mouth.
You have claws for feet.


   Skills:
 - Level 2.0 Fighting
 + Level 5.0 Axes
 - Level 1.0 Throwing
 - Level 1.1 Armour
 - Level 2.1 Dodging
 - Level 2.0 Spellcasting
 - Level 2.4 Translocations


You had 7 spell levels left.
You didn't know any spells.
Your spell library contained the following spells:

 Spells                   Type           Power      Damage    Failure   Level
 Blink                    Tloc           14%        N/A       19%         2
 Gell's Gravitas          Tloc           7%         N/A       34%         3
 Lesser Beckoning         Tloc           7%         N/A       34%         3
 Teleport Other           Tloc           7%         N/A       34%         3
 Manifold Assault         Tloc           7%         N/A       97%         5

Inventory:

Hand Weapons
 c - a +0 whip
 Y - a +1 hand axe (weapon)
Armour
 b - a +0 leather armour (worn)
 h - a +0 tower shield
Jewellery
 d - a ring of poison resistance
 i - a ring of poison resistance (left hand)
Scrolls
 e - 3 scrolls of identify
Potions
 a - a potion of heal wounds
 f - a potion of mutation
 g - a potion of lignification {unknown}

Dungeon Overview and Level Annotations

Branches:
Dungeon (3/15)

Altars:


Message History

You now have 99 gold pieces (gained 15).
You open the door.
There is an open door here.
Found a stone staircase leading up.
Enter note:
Enter note:
Enter note: A kobold brigand comes into view.
It is wielding a +0 dagger and quivering curare-tipped darts.
2240 ||| Stepping ~*~*~tactically~*~*~ (stealth).
The kobold brigand shouts!
The kobold brigand throws a curare-tipped dart.
The curare-tipped dart closely misses you.
You see here a bubbling emerald potion.
The kobold brigand throws a curare-tipped dart.
The curare-tipped dart closely misses you.
You hit the kobold brigand.
The kobold brigand is lightly wounded.
The kobold brigand hits you with a +0 dagger.
You completely miss the kobold brigand.
The kobold brigand is lightly wounded.
The kobold brigand hits you but does no damage.
You hit the kobold brigand. Your peck misses the kobold brigand.
The kobold brigand is lightly wounded.
The kobold brigand hits you with a +0 dagger.
You hit the kobold brigand.
You claw the kobold brigand, but do no damage.
The kobold brigand is moderately wounded.
The kobold brigand hits you with a +0 dagger.
You slash the kobold brigand! Your kick misses the kobold brigand.
Your peck misses the kobold brigand.
The kobold brigand is heavily wounded.
The kobold brigand hits you with a +0 dagger!
You barely miss the kobold brigand. Your kick misses the kobold brigand.
You peck the kobold brigand, but do no damage.
The kobold brigand is heavily wounded.
The kobold brigand barely misses you. The kobold brigand closely misses you.
You hit the kobold brigand. You claw the kobold brigand.
The kobold brigand is severely wounded.
The kobold brigand hits you with a +0 dagger!
You die...

###.#.'.......#....###
....#.#.......#...... .
#######.......#....###.#
......#.......##<.#...
..###......#...#..#.##.#
..###...................
.)#.......##.#.#..#.$#.
.............#.#..#
.#.#.........#.#@##
...#.........#.#.K...#
.###.........#.......#
...)......###........#
..........# ........#
..........# #..........
..........# #...........
..###.##### #.......#...
..###..##


You could see a kobold brigand.

Vanquished Creatures
  4 adders
  A worm (D:3)
  A dart slug (D:1)
  An orc (D:3)
  5 endoplasms
  3 giant cockroaches
  3 goblins
  3 hobgoblins
  3 ball pythons
  4 bats (D:1)
  5 frilled lizards
  3 kobolds
  8 rats (D:1)
44 creatures vanquished.

Notes
Turn   | Place    | Note
-------+----------+-------------------------------------------
     0 | D:1      | qw the Tengu Warper began the quest for the Orb.
     0 | D:1      | Reached XP level 1. HP: 12/12 MP: 4/4
     0 | D:1      | 0 ||| qw: Version: 0.1-a-89-g26bdef1
     0 | D:1      | 0 ||| qw: Game counter: 2223
     0 | D:1      | 0 ||| qw: Always use a shield: true
     0 | D:1      | 0 ||| qw: God list: Okawaru
     0 | D:1      | 0 ||| qw: Allow faded altars: false
     0 | D:1      | 0 ||| qw: Do Orc after D:15 true
     0 | D:1      | 0 ||| qw: Do second Lair branch before Depths: true
     0 | D:1      | 0 ||| qw: Lair rune preference: random
     0 | D:1      | 0 ||| qw: Plans: Normal
     0 | D:1      | 0 ||| PLANNING D:1-11
    98 | D:1      | 98 ||| Stepping ~*~*~tactically~*~*~ (stealth).
   154 | D:1      | Reached skill level 3 in Axes
   154 | D:1      | Reached XP level 2. HP: 17/17 MP: 6/6
   454 | D:1      | 454 ||| Stepping ~*~*~tactically~*~*~ (stealth).
   576 | D:1      | 576 ||| Stepping ~*~*~tactically~*~*~ (stealth).
   583 | D:1      | 583 ||| Stepping ~*~*~tactically~*~*~ (stealth).
   784 | D:1      | Reached XP level 3. HP: 21/21 MP: 7/7
  1040 | D:1      | 1040 ||| UPGRADING to ring of poison resistance.
  1041 | D:1      | 1041 ||| READING scroll labelled NECSIPSA WUIRCH.
  1066 | D:1      | 1066 ||| READING 3 scrolls labelled DACLIL YNURGH.
  1069 | D:1      | 1069 ||| READING scroll labelled VAFEUB EMNY.
  1075 | D:1      | 1075 ||| READING 2 scrolls of identify.
  1075 | D:1      | 1075 ||| IDENTIFYING lumpy brown potion
  1078 | D:1      | 1078 ||| DROPPING scroll of blinking.
  1139 | D:2      | 1139 ||| DROPPING +0 club.
  1156 | D:2      | Reached skill level 4 in Axes
  1214 | D:2      | 1214 ||| Stepping ~*~*~tactically~*~*~ (stealth).
  1762 | D:2      | 1762 ||| READING scroll labelled FESUOMP BAFAG.
  1763 | D:2      | 1763 ||| READING scroll labelled CUCEITHROCERCH.
  1764 | D:2      | 1764 ||| DRINKING 2 fuming pink potions.
  1765 | D:2      | 1765 ||| READING 2 scrolls of identify.
  1765 | D:2      | 1765 ||| IDENTIFYING black potion
  1766 | D:2      | 1766 ||| DROPPING potion of attraction.
  1810 | D:3      | Reached XP level 4. HP: 23/26 MP: 8/8
  1829 | D:3      | 1829 ||| Stepping ~*~*~tactically~*~*~ (stealth).
  1835 | D:3      | 1835 ||| Stepping ~*~*~tactically~*~*~ (stealth).
  1840 | D:3      | 1840 ||| Stepping ~*~*~tactically~*~*~ (stealth).
  1842 | D:3      | 1842 ||| Stepping ~*~*~tactically~*~*~ (stealth).
  1843 | D:3      | 1843 ||| Stepping ~*~*~tactically~*~*~ (stealth).
  1910 | D:3      | 1910 ||| Stepping ~*~*~tactically~*~*~ (stealth).
  1923 | D:3      | Reached skill level 5 in Axes
  2239 | D:3      | Noticed a kobold brigand
  2240 | D:3      | 2240 ||| Stepping ~*~*~tactically~*~*~ (stealth).
  2252 | D:3      | Slain by a kobold brigand

Levels and vault maps discovered:
D:1:      lightli_molten_gateway, layout_loops_ring
D:2:      layout_loops_ring, minmay_tromino_mix6
D:3:      layout_basic, nicolae_ecumenical_lake_church

Skill      XL: |  1  2  3  4 |
---------------+-------------+-----
Axes           | 3 4 5 |  5.0
Fighting       | |  2.0
Throwing       | |  1.0
Armour         | |  1.1
Dodging        | |  2.1
Spellcasting   | |  2.0
Translocations | |  2.4

Action                   |  1- 3 |  4- 6 || total
-------------------------+-------+-------++-------
Melee: Hand axe          |    85 |    25 ||   110
       Kick              |    14 |     4 ||    18
       Peck              |    13 |     2 ||    15
Throw: Boomerang         |     7 |       ||     7
  Use: Scroll            |     7 |       ||     7
       Potion            |     1 |       ||     1
Armor: Leather armour    |    13 |     5 ||    18
Dodge: Dodged            |    33 |    13 ||    46

Table legend:
 A = Non-vault XP
 B = Vault XP
 C = Vault XP percentage of total XP
 D = Non-vault monster count
 E = Vault monster count
 F = Vault count percentage of total count
                 A         B        C        D         E       F
            +---------+---------+-------+---------+---------+-------
      Total |     103 |      17 |  14.2 |      41 |       3 |   6.8
            +---------+---------+-------+---------+---------+-------
        D:1 |      41 |       0 |   0.0 |      28 |       0 |   0.0
        D:2 |      22 |      17 |  43.6 |       6 |       3 |  33.3
        D:3 |      40 |       0 |   0.0 |       7 |       0 |   0.0
            +---------+---------+-------+---------+---------+-------
